AoeStats
← web

Arena

505559930Analyzed
2v2 RM · 22d ago on Sep 10, 2026· 55m 37s· 4 players
Game mode
Random Map
Map size
Medium (4 player)
Population
200
Speed
Normal
Resources
Standard
Victory
Conquest
Starting age
Dark Age
Ending age
Imperial Age
RankedLock teamsTeams togetherTeam positionsShared explorationLock speedFull tech treeHidden civsTurbo modeCheats
Victory
Defeat
🇦🇷 Italians · Argentina
1201
+16
🇨🇴 Italians · Colombia
1161
+18
🇺🇸 Celts · United States
1262
-20
🇺🇸 Spanish · United States
1141
-14
web
5:24 Loom
11:44 Feudal Age
15:28 Castle Age
13:35 Double-Bit Axe
14:50 Horse Collar
17:17 Heavy Plow
17:40 Bow Saw
17:51 Man-at-Arms
20:46 Long Swordsman
22:04 Gold Mining
23:12 Scale Mail Armor
23:23 Forging
24:50 Gambesons
24:51 Arson
25:13 Arson
25:21 Gambesons
26:50 Chain Mail Armor
28:26 Iron Casting
31:10 Wheelbarrow
33:54 Hand Cart
39:20 Imperial Age
36:40 Town Watch
37:23 Elite Skirmisher
38:02 Stone Mining
38:25 Fletching
38:35 Padded Archer Armor
39:31 Ballistics
39:21 Bodkin Arrow
40:39 Conscription
41:39 Chemistry
40:47 Siege Engineers
40:06 Onager
41:50 Leather Archer Armor
41:38 Pikeman
41:50 Heavy Scorpion
43:12 Plate Mail Armor
43:31 Halberdier
51:12 Ring Archer Armor
Wildcard
11:38 Feudal Age
15:55 Castle Age
14:29 Double-Bit Axe
14:27 Horse Collar
15:15 Loom
17:13 Bow Saw
17:05 Heavy Plow
17:09 Town Watch
24:47 Elite Skirmisher
26:35 Padded Archer Armor
26:26 Fletching
28:35 Leather Archer Armor
28:16 Bodkin Arrow
29:00 Thumb Ring
32:59 Wheelbarrow
33:35 Thumb Ring
38:05 Imperial Age
37:43 Ballistics
39:24 Ring Archer Armor
38:54 Bracer
41:14 Capped Ram
41:19 Onager
44:27 Pikeman
45:07 Squires
46:36 Hand Cart
47:31 Two-Man Saw
47:38 Chemistry
46:50 Fortified Wall
46:05 Halberdier
47:23 Scale Mail Armor
47:34 Forging
47:27 Scale Mail Armor
48:57 Bracer
49:35 Iron Casting
49:00 Bracer
49:16 Chain Mail Armor
49:09 Scale Barding Armor
50:19 Arson
50:58 Conscription
50:57 Bloodlines
50:48 Husbandry
51:07 Light Cavalry
52:53 Hussar
54:55 Plate Mail Armor
55:26 Blast Furnace
54:59 Chain Barding Armor
Urahara
12:10 Feudal Age
16:04 Castle Age
14:07 Double-Bit Axe
14:20 Stone Mining
14:57 Gold Mining
15:38 Horse Collar
16:17 Fletching
17:38 Wheelbarrow
17:46 Bow Saw
18:41 Stone Shaft Mining
23:47 Ballistics
24:27 Padded Archer Armor
32:06 Bodkin Arrow
32:26 Leather Archer Armor
41:21 Hand Cart
43:41 Imperial Age
41:53 Heavy Plow
41:44 Light Cavalry
42:35 Bloodlines
42:25 Husbandry
47:14 Scale Barding Armor
48:51 Chemistry
49:57 Crop Rotation
49:21 Elite Skirmisher
que onda logi
7:27 Loom
9:12 Feudal Age
13:23 Castle Age
11:31 Double-Bit Axe
12:44 Horse Collar
21:57 Gold Mining
24:19 Wheelbarrow
23:36 Town Watch
24:18 Bow Saw
24:09 Heavy Plow
26:40 Ballistics
26:15 Fletching
26:35 Stone Mining
27:02 Thumb Ring
27:39 Bodkin Arrow
28:40 Hand Cart
31:36 Padded Archer Armor
32:49 Town Patrol
33:47 Hand Cart
36:34 Leather Archer Armor
39:27 Imperial Age
38:38 Forging
38:35 Scale Barding Armor
39:02 Husbandry
39:14 Bloodlines
38:47 Light Cavalry
40:32 Iron Casting
39:45 Hussar
42:08 Chemistry
42:59 Chain Barding Armor
44:21 Two-Man Saw
45:48 Plate Barding Armor
46:26 Elite Genoese Crossbowman
49:51 Bracer
51:28 Stone Shaft Mining
Connection lost

Rejoining the realm…

Still unreachable

The connection could not be restored.

Session expired

The server has moved on; the page needs a fresh start.